Map: Beckett Industries LE

Players

Player 2

  • Race: Protoss Protoss

iloveoof - Winner!

  • Race: Terran Terran
  • League: Grandmaster

VOD

Have the link to the VOD?

Description

Time

  • Played on: April 13, 2021, 9:56 a.m.
  • Length: 5:25
Show
View Real Time Build Order
Export as new Build Order

Player 2 Protoss 

Build Orders:  

Get SALT Encoding   

  12  0:00  Probe  
  13  0:13  Probe  
  14  0:20  Pylon  
  14  0:37  Assimilator  
  14  0:43  Gateway  
  14  0:46  Pylon  
  14  1:13  Assimilator  
  14  1:18  Probe  
  15  1:26  Probe  
  16  1:33  Cybernetics Core  
  16  1:34  Probe  
  17  1:45  Probe  
  18  1:56  Probe  
  18  1:59  Warp Gate  
  19  2:04  Probe  
  19  2:12  Stalker  
  22  4:49  Probe  
  21  4:57  Stalker  
  24  5:00  Pylon  
  24  5:02  Pylon  
Show
View Real Time Build Order
Export as new Build Order

iloveoof Terran - Winner!

Build Orders:  

Get SALT Encoding   

  12  0:00  SCV  
  13  0:12  SCV  
  14  0:17  Supply Depot  
  14  0:24  SCV  
  15  0:39  SCV  
  15  0:41  Barracks  
  16  0:44  Refinery  
  16  0:51  SCV  
  17  1:03  SCV  
  18  1:15  SCV  
  19  1:28  Orbital Command, Marine  
  20  1:42  Command Center  
  20  1:47  Barracks Reactor  
  20  1:53  SCV  
  21  1:56  Supply Depot  
  21  2:05  SCV  
  22  2:09  Factory  
  22  2:17  SCV  
  23  2:23  Marine  
  23  2:24  Barracks  
  23  2:25  Marine  
  25  2:42  Barracks  
  25  2:44  Marine, Barracks  
  25  2:47  Marine  
  27  2:53  Factory Tech Lab  
  27  2:59  Orbital Command  
  27  3:04  Marine  
  28  3:11  Siege Tank  
  31  3:13  Marine  
  31  3:15  Marine  
  33  3:24  Marine  
  34  3:30  Marine  
  34  3:31  Marine x2  
  34  3:32  Supply Depot  
  34  3:33  Marine  
  38  3:42  Marine  
  38  3:45  Siege Tank  
  38  3:48  Marine x2  
  43  3:50  Marine  
  43  3:53  Marine  
  43  3:55  Supply Depot  
  46  4:00  Marine  
  47  4:06  Marine x2  
  47  4:08  Marine  
  50  4:11  Marine  
  51  4:18  Marine  
  51  4:23  Marine  
  53  4:24  Marine  
  53  4:25  Marine  
  53  4:29  Marine  
  56  4:36  Marine  
  57  4:41  Marine  
  57  4:42  Marine  
  59  4:49  Siege Tank  
Tags
 
Add a new tag
Caveats
  • Supply blocks, unpowered buildings, or Contaminate may cause inaccurate times.
  • Supply counts are checked every 10 seconds.